Match 23946153
Unlisted

Match 23946153
End
Construct Infanterie Kompanie
Pioneer Squad
Grenadier Squad
MG 42 Machine Gun Team
Grenadier Squad
Construct Panzergrenadier Kompanie
Panzergrenadier Squad
Selects Mechanized Battlegroup
Selects Raid Package
Selects 8 Rad Armored Car
8 Rad Armored Car
Pioneer Squad
8 Rad Armored Car
Medical Station
Pak 40 Anti-tank Gun Team
Pak 40 Anti-tank Gun Team
Panzergrenadier Squad
Kettenkrad Recon Vehicle
Construct Panzer Kompanie
Panzer IV Medium Tank
insane
iceman
Rogozilla
Civil
0
0

Comments sign in to comment!

No comments posted yet!